[Event "Titled Tuesday Blitz October 5 2021"]
[White "Gallo Garcia, Kemel Antonio"]
[Black "Shkapenko, Pavel"]
[WhiteFideId "3523896"]
[BlackFideId "4151933"]
[WhiteElo "2517"]
[BlackElo "2386"]
[Result "1-0"]
[Round "11"]
[TimeControl "180+1"]
[Date "2021.10.05"]
[WhiteClock "0:00:13"]
[BlackClock "0:00:15"]

1. e4 e5 2. Nf3 Nc6 3. Bb5 Bc5 4. d3 Nge7 5. O-O O-O 6. c3 d6 7. b4 Bb6 8. a4 a5 9. Bxc6 Nxc6 10. b5 Ne7 11. Be3 Bxe3 12. fxe3 Ng6 13. Nbd2 Be6 14. d4 Qe7 15. Qe1 Rfe8 16. Qg3 f6 17. Nh4 Nxh4 18. Qxh4 exd4 19. exd4 d5 20. Rae1 Qa3 21. Qg3 Qd6 22. e5 fxe5 23. Rxe5 Bf7 24. Nf3 Rxe5 25. Nxe5 Be6 26. h4 Rf8 27. h5 Rxf1+ 28. Kxf1 Bf5 29. Qf2 Be6 30. g4 Qa3 31. Qc2 Qa1+ 32. Kg2 Qe1 33. Qf2 Qxc3 34. Qh4 Qd2+ 35. Kh1 Qd1+ 36. Kg2 Qc2+ 37. Kh1 Qb1+ 38. Kg2 Qe4+ 39. Kh2 Qc2+ 40. Kg1 Qc1+ 41. Kg2 Qd2+ 42. Kh1 Qd1+ 43. Kg2 Qe2+ 44. Kh1 Qf1+ 45. Kh2 Qf6 46. g5 Qe7 47. Qf4 Bf7 48. g6 hxg6 49. hxg6 Be8 50. Kg2 Qf6 51. Qxf6 gxf6 52. Ng4 Kg7 53. Ne3 c6 54. b6 Bxg6 55. Kf3 Bc2 56. Kf4 Bxa4 57. Nf5+ Kf8 58. Nd6 Ke7 59. Nxb7 Bb5 60. Nxa5 Kd6 61. Nb3 Bd3 62. Nc5 Bc2 63. Kg4 f5+ 64. Kf4 Be4 65. Na6 Bd3 66. b7 Bxa6 67. b8=Q+ Kd7 68. Kxf5 Bd3+ 69. Ke5 Bb5 70. Qd6+ Kc8 71. Qc5 Kb7 72. Kd6 Ba4 73. Qb4+ Bb5 74. Qa5 Bc4 75. Kc5 Bb5 76. Qb6+ Ka8 77. Kd6 c5 78. Kc7 1-0


[Site "https://www.chess.com"]

[Event "Titled Tuesday Blitz October 5 2021"]
[White "Garcia Blanco, Omar"]
[Black "Weetik, Vjacheslav"]
[WhiteFideId "2287153"]
[BlackFideId "4153472"]
[WhiteElo "2291"]
[BlackElo "2469"]
[Result "1-0"]
[Round "11"]
[TimeControl "180+1"]
[Date "2021.10.05"]
[WhiteClock "0:00:05"]
[BlackClock "0:00:01"]

1. e4 c6 2. d4 d6 3. Nc3 h6 4. Be3 g5 5. f3 Bg7 6. Qd2 Nd7 7. O-O-O Nf8 8. h4 gxh4 9. Rxh4 Ng6 10. Rh1 Qa5 11. Kb1 b5 12. Nh3 e5 13. dxe5 dxe5 14. Bc5 Be6 15. a4 N8e7 16. b4 Qc7 17. axb5 O-O 18. bxc6 Nxc6 19. Bxf8 Bxf8 20. Nd5 Bxd5 21. exd5 Nxb4 22. Bd3 Rb8 23. Bxg6 Nd3+ 24. Ka1 Bb4 25. Bxf7+ Kg7 26. Qxh6+ Kxh6 27. Nf4+ Kg5 28. Ne6+ Kf6 29. Nxc7 Bc3+ 30. Ka2 Rb2+ 31. Ka3 Nb4 32. d6 Nxc2+ 33. Ka4 Rb4+ 34. Ka5 Kxf7 35. Rh7+ Kg6 36. Rdh1 Rb6+ 37. Ka4 Rxd6 38. Ne8 Rd4+ 39. Kb5 Rb4+ 40. Kc5 Bd4+ 41. Kd5 Rb5+ 42. Ke4 Kg5 43. Rg7# 1-0


[Site "https://www.chess.com"]

[Event "Titled Tuesday Blitz October 5 2021"]
[White "Gasanov, Zaur"]
[Black "Baches Garcia, Guillermo"]
[WhiteFideId "34125970"]
[BlackFideId "2209764"]
[WhiteElo "2099"]
[BlackElo "2493"]
[Result "1-0"]
[Round "11"]
[TimeControl "180+1"]
[Date "2021.10.05"]
[WhiteClock "0:01:14"]
[BlackClock "0:00:45"]

1. d4 Nf6 2. Nf3 e6 3. g3 d5 4. Bg2 Be7 5. O-O O-O 6. c4 dxc4 7. Qc2 a6 8. Qxc4 b5 9. Qc2 Bb7 10. Bg5 Nbd7 11. Bxf6 Nxf6 12. Rd1 Be4 13. Qc3 c5 14. Nbd2 cxd4 15. Qxd4 Bb7 16. Nb3 Qxd4 17. Nfxd4 Nd5 18. Na5 Bc8 19. Rac1 Bf6 20. e4 Bxd4 21. exd5 Bxb2 22. Rc2 Ba3 23. d6 Ra7 24. Nc6 Rd7 25. Ne7+ Rxe7 26. dxe7 Bxe7 27. Rc7 1-0


[Site "https://www.chess.com"]

[Event "Titled Tuesday Blitz October 5 2021"]
[White "Gelman, Alexander"]
[Black "Gubajdullin, Alexei"]
[WhiteFideId "4118316"]
[BlackFideId "4141202"]
[WhiteElo "2375"]
[BlackElo "2268"]
[Result "0-1"]
[Round "11"]
[TimeControl "180+1"]
[Date "2021.10.05"]
[WhiteClock "0:00:09"]
[BlackClock "0:00:26"]

1. d4 Nf6 2. Nc3 d6 3. e4 g6 4. f4 Bg7 5. Nf3 O-O 6. e5 Nfd7 7. h4 c5 8. e6 fxe6 9. h5 cxd4 10. Nxd4 Rf6 11. hxg6 hxg6 12. Ne4 Qa5+ 13. c3 Qd5 14. Bd3 Nc6 15. Nf3 Rf5 16. g4 Rf8 17. Qe2 Nc5 18. Nxc5 Qxc5 19. Be3 Qa5 20. Qh2 Rf6 21. Qh7+ Kf8 22. Bxg6 Qd5 23. Be4 Qc4 24. g5 Rf5 25. O-O-O Qxe4 26. Rde1 Qxf3 27. Rh3 Qd5 28. Reh1 e5 29. g6 exf4 30. Bd2 Be6 31. c4 Qxc4+ 32. Bc3 Nd4 33. Kb1 Qxa2+ 34. Kc1 Ne2+ 35. Kd2 Nxc3 36. Rxc3 Qxb2+ 37. Rc2 Qd4+ 38. Ke2 Bc4+ 0-1


[Site "https://www.chess.com"]

[Event "Titled Tuesday Blitz October 5 2021"]
[White "Girinath, P.D.S."]
[Black "Gontcharov, Vladislav"]
[WhiteFideId "5000572"]
[BlackFideId "4123492"]
[WhiteElo "2333"]
[BlackElo "2503"]
[Result "0-1"]
[Round "11"]
[TimeControl "180+1"]
[Date "2021.10.05"]
[WhiteClock "0:00:01"]
[BlackClock "0:00:41"]

1. e4 e6 2. d3 c5 3. Nf3 Nc6 4. g3 g6 5. Bg2 Bg7 6. O-O Nge7 7. Re1 d6 8. c3 e5 9. Na3 O-O 10. Nc4 h6 11. a4 Be6 12. Nfd2 d5 13. exd5 Nxd5 14. Ne4 b6 15. a5 f5 16. Ned6 Rb8 17. axb6 axb6 18. Nb5 Qd7 19. Qa4 Nde7 20. f4 Qxd3 21. Ncd6 Ra8 22. Qxa8 Rxa8 23. Rxa8+ Kh7 24. Bf1 Qc2 25. Nc7 Bg8 26. Nce8 e4 27. Nxg7 Kxg7 28. b4 cxb4 29. cxb4 Nd4 30. Bg2 Ne2+ 31. Kh1 Nxc1 32. Ra7 Nd3 0-1


[Site "https://www.chess.com"]

[Event "Titled Tuesday Blitz October 5 2021"]
[White "Guzman Moneo, Alberto"]
[Black "Silvestre, Christian"]
[WhiteFideId "2209616"]
[BlackFideId "30956269"]
[WhiteElo "2157"]
[BlackElo "2493"]
[Result "1/2-1/2"]
[Round "11"]
[TimeControl "180+1"]
[Date "2021.10.05"]
[WhiteClock "0:00:25"]
[BlackClock "0:00:08"]

1. d4 d5 2. Nf3 e6 3. c4 c6 4. g3 f5 5. Bg2 Nf6 6. O-O Be7 7. Nc3 O-O 8. Bf4 Bd7 9. Qb3 Bc8 10. Ne5 Nbd7 11. Nxd7 Qxd7 12. f3 dxc4 13. Qxc4 Nd5 14. Bd2 b5 15. Qd3 Nb4 16. Qe3 Nc2 17. Qf2 Nxa1 18. Rxa1 Bf6 19. e3 Bb7 20. Rc1 a6 21. Ne2 Rac8 22. Bb4 Be7 23. Bxe7 Qxe7 24. Rc5 Rcd8 25. Nf4 Rfe8 26. Qc2 g5 27. Nd3 Rd5 28. f4 Rxc5 29. Nxc5 gxf4 30. gxf4 Kh8 31. Kh1 Rg8 32. Bf3 Bc8 33. Qf2 Bd7 34. b4 Be8 35. a3 Qf6 36. h3 Qh6 37. Kh2 Qg7 38. Bh1 Qf6 39. Bf3 Bf7 40. Bxc6 Bh5 41. Bg2 Qg6 42. Bh1 Qf6 43. Bg2 Bf7 44. Nd7 Qe7 45. Ne5 Be8 46. Bf3 Qg7 47. Bh1 Qc7 48. Bf3 Qc1 49. Bg2 Qxa3 50. d5 Qxb4 51. dxe6 Qe7 52. Bd5 Qd6 53. Nf7+ Bxf7 54. exf7 Qxd5 55. fxg8=Q+ Qxg8 56. Qf3 Qe6 57. Qa8+ Kg7 58. Qd8 Qc6 59. Qg5+ Qg6 60. Qe7+ Kh6 61. Qh4+ Kg7 62. Qe7+ Qf7 63. Qg5+ Kf8 64. Qd8+ Qe8 65. Qf6+ Qf7 66. Qd8+ Kg7 67. Qg5+ Qg6 68. Qe7+ 1/2-1/2


[Site "https://www.chess.com"]

[Event "Titled Tuesday Blitz October 5 2021"]
[White "Hambleton, Aman"]
[Black "Golubev, Mikhail"]
[WhiteFideId "2606577"]
[BlackFideId "14100983"]
[WhiteElo "2552"]
[BlackElo "2374"]
[Result "0-1"]
[Round "11"]
[TimeControl "180+1"]
[Date "2021.10.05"]
[WhiteClock "0:00:02"]
[BlackClock "0:00:45"]

1. d4 Nf6 2. Bf4 d6 3. Nc3 Nbd7 4. Nf3 Nh5 5. Bc1 g6 6. g4 Nhf6 7. g5 Nh5 8. e4 Bg7 9. Be3 O-O 10. Be2 e5 11. Qd2 Re8 12. O-O-O c6 13. Kb1 b5 14. dxe5 dxe5 15. Nh4 Nf4 16. Bg4 Qxg5 17. Bxd7 Rd8 18. Nf3 Qe7 19. Bxc6 Rxd2 20. Rxd2 Bb7 21. Rd7 Qxd7 22. Bxd7 b4 23. Nd5 Nxd5 24. exd5 Bxd5 25. Rd1 Bxf3 26. Rd6 Rd8 27. Bxa7 Bg4 28. Bb6 Rxd7 29. Rxd7 Bxd7 30. Bc5 Bf8 31. Be3 f5 0-1


[Site "https://www.chess.com"]

[Event "Titled Tuesday Blitz October 5 2021"]
[White "Harris, Ian"]
[Black "Dzhaparov, Medet"]
[WhiteFideId "2020092"]
[BlackFideId "13803689"]
[WhiteElo "2351"]
[BlackElo "1702"]
[Result "0-1"]
[Round "11"]
[TimeControl "180+1"]
[Date "2021.10.05"]
[WhiteClock "0:01:11"]
[BlackClock "0:01:53"]

1. e4 e5 2. Nf3 Nc6 3. d4 exd4 4. Bc4 Bc5 5. c3 Nf6 6. e5 d5 7. Bb5 Ne4 8. cxd4 Bb6 9. O-O O-O 10. Bxc6 bxc6 11. Be3 f5 12. Nbd2 f4 13. Nxe4 dxe4 14. Nd2 fxe3 15. fxe3 Rxf1+ 16. Qxf1 Be6 17. Nxe4 Qh4 18. Ng3 Rf8 19. Qe2 c5 20. d5 Bxd5 21. e4 c4+ 22. Kh1 Be6 0-1


[Site "https://www.chess.com"]

[Event "Titled Tuesday Blitz October 5 2021"]
[White "Harshavardhan G B"]
[Black "Abdusattorov, Nodirbek"]
[WhiteFideId "25059009"]
[BlackFideId "14204118"]
[WhiteElo "1825"]
[BlackElo "2690"]
[Result "0-1"]
[Round "11"]
[TimeControl "180+1"]
[Date "2021.10.05"]
[WhiteClock "0:00:41"]
[BlackClock "0:00:03"]

1. d4 Nf6 2. Nf3 e6 3. Bg5 c5 4. e3 h6 5. Bh4 Nc6 6. Nbd2 Be7 7. Bd3 b6 8. Qe2 Bb7 9. c3 O-O 10. O-O d6 11. Rad1 Nh5 12. Bxe7 Qxe7 13. a3 f5 14. b4 e5 15. b5 Na5 16. Nxe5 dxe5 17. Qxh5 cxd4 18. exd4 e4 19. Be2 Rad8 20. Nc4 Nxc4 21. Bxc4+ Kh7 22. a4 Rc8 23. Qe2 f4 24. d5 f3 25. gxf3 Rxf3 26. Rd4 Rf4 27. Re1 Re8 28. Bd3 Qg5+ 29. Kh1 Bxd5 30. f3 exd3 31. Qxd3+ Rf5 32. Rf1 Bxf3+ 33. Rxf3 Re1+ 34. Rf1 Rxf1+ 35. Qxf1 Rxf1# 0-1


[Site "https://www.chess.com"]

[Event "Titled Tuesday Blitz October 5 2021"]
[White "Heinemann, Josefine"]
[Black "Budrewicz, Krzysztof"]
[WhiteFideId "12900460"]
[BlackFideId "1127950"]
[WhiteElo "2300"]
[BlackElo "2242"]
[Result "0-1"]
[Round "11"]
[TimeControl "180+1"]
[Date "2021.10.05"]
[WhiteClock "0:00:08"]
[BlackClock "0:00:32"]

1. Nf3 Nf6 2. g3 g6 3. Bg2 Bg7 4. O-O O-O 5. d4 d6 6. c4 Nc6 7. Nc3 Bf5 8. Ne1 e5 9. e4 Bg4 10. f3 exd4 11. Nb5 Be6 12. b3 Nd7 13. Bb2 Nde5 14. Nxd4 Nxd4 15. Bxd4 c5 16. Bc3 Re8 17. Qc2 a6 18. Rd1 b5 19. cxb5 axb5 20. Nd3 Nxd3 21. Rxd3 Qb6 22. Kh1 Bxc3 23. Qxc3 Rxa2 24. Rfd1 b4 25. Qf6 Qd8 26. Qf4 Qe7 27. h4 Rb2 28. h5 Rxb3 29. Rxd6 g5 30. Qe5 h6 31. Qxc5 Qf6 32. e5 Qe7 33. Qb6 Kg7 34. f4 gxf4 35. gxf4 Qh4+ 36. Kg1 Qxf4 37. Qb5 Rb2 38. Rf1 Qg3 39. Qc6 Rc8 40. Qe4 Rcc2 41. Rxf7+ Bxf7 42. Rg6+ Bxg6 0-1


[Site "https://www.chess.com"]

[Event "Titled Tuesday Blitz October 5 2021"]
[White "Hjartarson, Johann"]
[Black "Vega Gutierrez, Sabrina"]
[WhiteFideId "2300044"]
[BlackFideId "2219026"]
[WhiteElo "2502"]
[BlackElo "2286"]
[Result "1-0"]
[Round "11"]
[TimeControl "180+1"]
[Date "2021.10.05"]
[WhiteClock "0:00:02"]
[BlackClock "0:00:02"]

1. c4 e5 2. g3 Nf6 3. Bg2 d5 4. cxd5 Nxd5 5. Nf3 Nc6 6. O-O Be7 7. d4 e4 8. Ne5 f5 9. Nxc6 bxc6 10. Nc3 O-O 11. Na4 Bd6 12. Qc2 Qe8 13. e3 Ba6 14. Re1 Bd3 15. Qd1 Nb4 16. Bd2 Nc2 17. Rc1 Nxe1 18. Bxe1 g5 19. Nc5 Bxc5 20. Rxc5 Rb8 21. b3 Rb5 22. Qc1 f4 23. Rxc6 fxe3 24. fxe3 Rbf5 25. Rxc7 Qh5 26. Rc8 Qe2 27. Bb4 Qf2+ 28. Kh1 Rxc8 29. Qxc8+ Kg7 30. Qd7+ Kg6 31. Qe8+ Kg7 32. Qd7+ Kh6 33. Qe6+ Rf6 34. Bf8+ Kg6 35. Qe8+ Rf7 36. Qe6+ Qf6 37. Bxe4+ Kh5 38. Qh3# 1-0


[Site "https://www.chess.com"]

[Event "Titled Tuesday Blitz October 5 2021"]
[White "Horobetz, Graham"]
[Black "Rustemov, Alexander"]
[WhiteFideId "2047322"]
[BlackFideId "4119002"]
[WhiteElo "2628"]
[BlackElo "2791"]
[Result "0-1"]
[Round "11"]
[TimeControl "180+1"]
[Date "2021.10.05"]
[WhiteClock "0:00:02"]
[BlackClock "0:00:07"]

1. e4 e6 2. d4 d5 3. Nd2 c5 4. Ngf3 cxd4 5. exd5 Qxd5 6. Bc4 Qd7 7. O-O Nf6 8. Nb3 Nc6 9. Nbxd4 Nxd4 10. Nxd4 a6 11. c3 Be7 12. Re1 O-O 13. Qf3 Qc7 14. Bd3 Qc5 15. Bf4 Qh5 16. Qg3 Qg4 17. Qxg4 Nxg4 18. Nf5 Bf6 19. Nd6 Rd8 20. Be4 Rd7 21. Rad1 Be5 22. Bxe5 Nxe5 23. Nxc8 Rxc8 24. Rxd7 Nxd7 25. Bxb7 Rb8 26. Bxa6 Rxb2 27. Rd1 Nf8 28. Ra1 Nd7 29. c4 Nc5 30. Bb5 g5 31. a4 Nb3 32. Rd1 Kg7 33. g3 g4 34. Kg2 f5 35. Rd7+ Kf6 36. Rd6 Ra2 37. Rd7 Nc5 38. Rd1 Ne4 39. Rf1 h5 40. h3 Ke5 41. hxg4 hxg4 42. Bc6 Nd2 43. Re1+ Kd6 44. Bb5 Ne4 45. Rf1 Kc5 46. Kg1 Kd6 47. Kg2 Kc5 48. Kg1 Nd2 49. Rd1 e5 50. Kg2 e4 51. Re1 Nf3 52. Rd1 e3 53. Rd5+ Kb4 54. Rxf5 Rxf2+ 55. Kh1 Rh2# 0-1


[Site "https://www.chess.com"]

[Event "Titled Tuesday Blitz October 5 2021"]
[White "Ibrahimli, Murad"]
[Black "Arabidze, Meri"]
[WhiteFideId "13410229"]
[BlackFideId "13604040"]
[WhiteElo "2949"]
[BlackElo "2725"]
[Result "1-0"]
[Round "11"]
[TimeControl "180+1"]
[Date "2021.10.05"]
[WhiteClock "0:00:11"]
[BlackClock "0:00:04"]

1. c4 e5 2. Nc3 Nc6 3. g3 g6 4. Bg2 Bg7 5. Rb1 Nf6 6. b4 O-O 7. b5 Nd4 8. e3 Re8 9. d3 Ne6 10. Nge2 d6 11. a4 a6 12. O-O axb5 13. axb5 Ng5 14. e4 Ne6 15. h3 Nc5 16. Be3 c6 17. Qd2 Be6 18. Kh2 Qd7 19. Rb2 h5 20. Rfb1 Ra3 21. Ra2 Rxa2 22. Nxa2 Ra8 23. Nac3 Ra3 24. bxc6 bxc6 25. Rb8+ Kh7 26. Ng1 Qc7 27. Rb1 Qa5 28. Nge2 Nfd7 29. Qc2 Bh6 30. f4 Bg7 31. Bd2 exf4 32. gxf4 Qa7 33. d4 Na4 34. d5 Nxc3 35. Nxc3 Qf2 36. dxe6 Rxc3 37. Qd1 Rd3 38. exd7 Rxd2 39. Qf1 Bf6 40. Qxf2 Rxf2 41. Rb8 Rxf4 42. d8=Q Bxd8 43. Rxd8 Rf6 44. Rc8 c5 45. e5 dxe5 46. Rxc5 Re6 47. Bd5 Re7 48. Kg2 f5 49. Kf3 Kh6 50. h4 Kg7 51. Rc6 e4+ 52. Ke3 Ra7 53. Rb6 Ra3+ 54. Kf4 Rf3+ 55. Ke5 Rd3 56. Rb7+ Kh6 57. Kf6 e3 58. Bg8 Rd6+ 59. Ke5 g5 60. Kxd6 e2 61. Re7 f4 62. hxg5+ Kxg5 63. Rxe2 f3 64. Rf2 Kf4 65. Bd5 Ke3 66. Rxf3+ 1-0


[Site "https://www.chess.com"]

[Event "Titled Tuesday Blitz October 5 2021"]
[White "Isajevsky, Anton"]
[Black "Maksimovic, Bojan"]
[WhiteFideId "4142500"]
[BlackFideId "14408120"]
[WhiteElo "2510"]
[BlackElo "2439"]
[Result "0-1"]
[Round "11"]
[TimeControl "180+1"]
[Date "2021.10.05"]
[WhiteClock "0:00:35"]
[BlackClock "0:00:37"]

1. c4 Nf6 2. Nc3 d5 3. cxd5 Nxd5 4. Nf3 c5 5. g3 Nc6 6. Bg2 Nc7 7. Qa4 Bd7 8. Qe4 e6 9. O-O Be7 10. d4 cxd4 11. Nxd4 O-O 12. Rd1 Qc8 13. Bf4 Nxd4 14. Qxd4 Bc6 15. Bxc6 bxc6 16. Qd7 Nd5 17. Rxd5 cxd5 18. Qxe7 d4 19. Nb5 Qc4 20. Nc7 Rac8 21. Re1 Qxa2 22. Qb4 Rfd8 23. h4 Rb8 24. Qe7 Qxb2 25. Be5 Qb4 26. Qg5 Qxe1+ 27. Kg2 f6 28. Bxf6 Rd7 29. Nxe6 Qxe2 30. Nxg7 Qe4+ 31. Kh2 Qg6 0-1


[Site "https://www.chess.com"]

[Event "Titled Tuesday Blitz October 5 2021"]
[White "Jobava, Baadur"]
[Black "Salimova, Nurgyul"]
[WhiteFideId "13601520"]
[BlackFideId "2915138"]
[WhiteElo "2964"]
[BlackElo "2778"]
[Result "1-0"]
[Round "11"]
[TimeControl "180+1"]
[Date "2021.10.05"]
[WhiteClock "0:02:15"]
[BlackClock "0:00:57"]

1. e4 c5 2. d4 cxd4 3. c3 Nf6 4. e5 Nd5 5. Qxd4 e6 6. Bc4 Nc6 7. Qe4 f5 8. Qe2 Nb6 9. Bb3 Na5 10. Bc2 d5 11. exd6 Bxd6 12. Bxf5 O-O 13. Be4 e5 14. Nf3 Bg4 15. Nbd2 Kh8 16. h3 Bh5 17. O-O Nc6 18. Rd1 Qe7 19. Nf1 Nd7 20. Ng3 Bg6 21. Bxg6 hxg6 22. Qd3 Rf6 23. Bg5 Rxf3 24. Bxe7 Rxd3 25. Rxd3 1-0


[Site "https://www.chess.com"]

[Event "Titled Tuesday Blitz October 5 2021"]
[White "Kadam, Om Manish"]
[Black "Tikhonov, Viacheslav"]
[WhiteFideId "45076294"]
[BlackFideId "44196407"]
[WhiteElo "1729"]
[BlackElo "1773"]
[Result "1-0"]
[Round "11"]
[TimeControl "180+1"]
[Date "2021.10.05"]
[WhiteClock "0:01:36"]
[BlackClock "0:00:04"]

1. e4 c5 2. Nf3 Nc6 3. d4 cxd4 4. Nxd4 Nf6 5. Nc3 e5 6. Ndb5 d6 7. a4 a6 8. Na3 Be6 9. Bc4 Be7 10. Bg5 O-O 11. O-O Rc8 12. Bxf6 Bxf6 13. Nd5 Bg5 14. c3 Ne7 15. Nxe7+ Qxe7 16. Bd5 Rc5 17. Bb3 Qc7 18. Kh1 Bd8 19. Ba2 Qc6 20. f3 Bb6 21. Nc2 Bxa2 22. Rxa2 d5 23. Nb4 Qd6 24. Nxd5 Bd8 25. b4 Rc4 26. Qb3 b5 27. axb5 axb5 28. Ra8 f5 29. Ne3 Qc6 30. Raa1 fxe4 31. Nxc4 bxc4 32. Qd1 e3 33. Qe2 Bg5 34. Rfb1 Rd8 35. b5 Qc5 36. b6 Qc6 37. b7 Rb8 38. Ra8 Rxa8 39. bxa8=Q+ Qxa8 40. Qxc4+ Kh8 41. Qb5 h5 42. Qb8+ Qxb8 43. Rxb8+ Kh7 44. Kg1 e2 45. Kf2 Bd2 46. Kxe2 Bxc3 47. Kd3 Bd4 48. Ke4 Bg1 49. h3 Bh2 50. Re8 Kg6 51. Re6+ Kg5 52. h4+ Kxh4 53. Rg6 Bf4 54. Rxg7 Bh2 55. Kf5 Bf4 56. Kg6 Kg3 57. Kxh5+ Kf2 58. Rg4 Bh2 59. Kg6 Bg3 60. Kf5 Kxg2 61. Ke4 Kf2 62. Rg8 Bf4 63. Ra8 Kg3 64. Ra2 Kh3 65. Ra6 Kg3 66. Rf6 Bg5 67. Rg6 Kh4 68. Kxe5 Kh5 69. Rg8 Bc1 70. f4 Kh6 71. f5 Kh7 72. Rg2 1-0


[Site "https://www.chess.com"]

[Event "Titled Tuesday Blitz October 5 2021"]
[White "Karolczuk, Iwo"]
[Black "Sadhwani, Raunak"]
[WhiteFideId "21816972"]
[BlackFideId "35093487"]
[WhiteElo "2708"]
[BlackElo "2938"]
[Result "0-1"]
[Round "11"]
[TimeControl "180+1"]
[Date "2021.10.05"]
[WhiteClock "0:00:03"]
[BlackClock "0:00:11"]

1. d4 d6 2. e4 Nf6 3. Nc3 g6 4. h3 Bg7 5. Be3 c6 6. a4 O-O 7. Nf3 a5 8. Be2 Na6 9. O-O Qc7 10. Re1 e5 11. Qd2 Be6 12. Rad1 Nb4 13. Rc1 Rad8 14. Red1 Bc8 15. Bh6 Nh5 16. Bxg7 Kxg7 17. Qe3 Nf4 18. Bf1 f6 19. Kh2 g5 20. g3 Ng6 21. Bg2 h5 22. Kg1 Rh8 23. Rd2 h4 24. g4 Nf4 25. Ne2 Ng6 26. c3 Na6 27. Rcd1 Qe7 28. Bf1 Be6 29. Kh2 Bb3 30. Ra1 Nc7 31. Bg2 Bc4 32. Nc1 Ne6 33. b3 Ba6 34. d5 cxd5 35. Rxd5 Ngf4 36. Rd2 Qc7 37. c4 b6 38. Na2 Nc5 39. Rb1 Bb7 40. Nc3 Bc6 41. Ne1 Rd7 42. f3 Rhd8 43. Bf1 Nce6 44. Nc2 Kf7 45. Kg1 Ke7 46. Kh2 Bb7 47. Kh1 Qc5 48. Kh2 Qxe3 49. Nxe3 Nd4 50. Bg2 Bc6 51. Kg1 Nxh3+ 52. Kh2 Nf4 53. Bh1 Kf7 54. Ncd1 Nfe6 55. Nf2 Nc5 56. Rdb2 Rb8 57. Nf5 Nxf5 58. gxf5 Rdb7 59. Rd2 Ke7 60. Bg2 Be8 61. Bh3 Bf7 62. Bg4 Rd8 63. Rdd1 b5 64. axb5 a4 65. b4 Nb3 66. c5 dxc5 67. Rxd8 Kxd8 68. bxc5 Rxb5 69. f4 gxf4 70. Bd1 Rxc5 71. Nd3 Rc3 72. Nb4 Ke7 73. Be2 Rc1 74. Rb2 Rc3 75. Ra2 Nc5 76. Rd2 Nxe4 77. Rd1 Bb3 78. Ra1 f3 79. Bb5 f2 80. Kg2 h3+ 81. Kf1 Rf3 82. Ke2 Rf4 83. Nc6+ Kd6 0-1


[Site "https://www.chess.com"]

[Event "Titled Tuesday Blitz October 5 2021"]
[White "Karttunen, Mika"]
[Black "Ferreira, Vitor Hugo Vieira"]
[WhiteFideId "502081"]
[BlackFideId "2119765"]
[WhiteElo "2343"]
[BlackElo "2216"]
[Result "1-0"]
[Round "11"]
[TimeControl "180+1"]
[Date "2021.10.05"]
[WhiteClock "0:00:06"]
[BlackClock "0:01:40"]

1. e4 c6 2. d4 d5 3. e5 Bf5 4. h4 h6 5. g4 Bd7 6. h5 e6 7. f4 c5 8. c3 Qb6 9. Nf3 Bb5 10. Qb3 Bxf1 11. Qxb6 axb6 12. Rxf1 c4 13. Na3 Bxa3 14. bxa3 Ne7 15. Rb1 Nc8 16. f5 O-O 17. f6 Nd7 18. g5 hxg5 19. Nxg5 gxf6 20. exf6 e5 21. Nf3 Re8 22. Kd1 Nxf6 23. Nxe5 Ne4 24. Rf3 Ncd6 25. Rxb6 Ra6 26. Rb2 Re6 27. Rg2+ Kf8 28. h6 Ke7 29. h7 Rxa3 30. h8=Q Nxc3+ 31. Rxc3 Rxc3 32. Bg5+ f6 33. Qg7+ Kd8 34. Qd7# 1-0


[Site "https://www.chess.com"]

[Event "Titled Tuesday Blitz October 5 2021"]
[White "Kezin, Roman"]
[Black "Le, Tuan Minh"]
[WhiteFideId "24124621"]
[BlackFideId "12401153"]
[WhiteElo "2823"]
[BlackElo "2915"]
[Result "0-1"]
[Round "11"]
[TimeControl "180+1"]
[Date "2021.10.05"]
[WhiteClock "0:00:01"]
[BlackClock "0:00:32"]

1. d4 d5 2. c4 c6 3. Nc3 Nf6 4. e3 a6 5. Nf3 Bf5 6. Ne5 Nbd7 7. Qb3 Qc7 8. cxd5 Nxe5 9. dxe5 Nxd5 10. e4 Nxc3 11. exf5 Nd5 12. f4 g6 13. Bd3 gxf5 14. Bxf5 e6 15. Be4 Bb4+ 16. Ke2 Bc5 17. Bd2 Rd8 18. Rac1 Qe7 19. g3 Kf8 20. Bxd5 Rxd5 21. Rxc5 Rxd2+ 22. Kxd2 Qxc5 23. Qa3 Qxa3 24. bxa3 Ke7 25. Rb1 Rd8+ 26. Kc3 b5 27. a4 Rd5 28. axb5 cxb5 29. Rb2 Rc5+ 30. Kb4 Rc4+ 31. Ka5 Ra4+ 32. Kb6 h5 33. Rd2 Ra3 34. Kc6 b4 35. Kc5 a5 36. Kb5 Kf8 37. Rb2 Kg7 38. Rc2 Kg6 39. Rd2 Kf5 40. Rd7 Rxa2 41. Rxf7+ Ke4 42. Rf6 b3 43. Rxe6 b2 0-1


[Site "https://www.chess.com"]

[Event "Titled Tuesday Blitz October 5 2021"]
[White "Khoroshev, Nikita"]
[Black "Mickiewicz, Piotr"]
[WhiteFideId "14200287"]
[BlackFideId "1114891"]
[WhiteElo "2376"]
[BlackElo "2251"]
[Result "1/2-1/2"]
[Round "11"]
[TimeControl "180+1"]
[Date "2021.10.05"]
[WhiteClock "0:00:14"]
[BlackClock "0:00:04"]

1. e4 c6 2. Nc3 d5 3. Nf3 Nf6 4. e5 Ne4 5. Nxe4 dxe4 6. Ng5 Qd5 7. Qh5 g6 8. Qh4 Bg7 9. Qxe4 Qxe4+ 10. Nxe4 Bxe5 11. c3 Bf5 12. Nc5 b6 13. Nb3 c5 14. d4 cxd4 15. Nxd4 Bxd4 16. cxd4 O-O 17. Bh6 Rd8 18. Rc1 Rxd4 19. Be2 Nd7 20. O-O Nc5 21. Be3 Rd5 22. b4 Bd3 23. Bf3 Ne4 24. Rfd1 f5 25. Rc7 Kf7 26. h4 a5 27. b5 Rad8 28. a4 R8d6 29. h5 Kf6 30. h6 g5 31. Rc6 g4 32. Bxe4 Bxe4 33. Rdc1 f4 34. Bxf4 Rxc6 35. bxc6 Rc5 36. Rxc5 bxc5 37. c7 Bb7 38. Bd2 e5 39. Bxa5 Ke6 40. Bc3 Kd5 41. a5 e4 42. f3 gxf3 43. gxf3 exf3 44. Kf2 Kc4 45. Be5 Kd3 46. c8=Q Bxc8 47. Kxf3 c4 48. Kf4 c3 49. Kg5 c2 50. Bf4 Ke4 51. Bc1 Kd3 52. Kf6 Kc4 53. Kg7 Bf5 54. a6 Be4 55. a7 Kb5 56. a8=Q Bxa8 57. Kxh7 Be4+ 58. Kg7 Bd3 59. Kf6 Be4 60. Kg5 Bh7 61. Kf4 Bd3 62. Ke5 Kc4 63. Kf4 Kc3 64. Ke3 Kc4 65. Kd2 Be4 66. Bb2 Bh7 67. Kc1 Bg6 68. Kd2 Bh7 69. Bc1 Bg6 70. Ke3 Bh7 71. Kf4 Bd3 72. Ke5 Kc3 73. Kf6 Kc4 74. Kf7 Be4 75. Kg7 Bd3 76. Kf6 Be4 77. Kg7 Bd3 78. h7 Bxh7 79. Kxh7 Kd3 80. Kh6 Ke2 81. Kg5 Kd1 82. Bf4 c1=B 1/2-1/2


[Site "https://www.chess.com"]

[Event "Titled Tuesday Blitz October 5 2021"]
[White "Khusnutdinov, Rustam"]
[Black "Mikhalevski, Victor"]
[WhiteFideId "13701703"]
[BlackFideId "2801914"]
[WhiteElo "2919"]
[BlackElo "2751"]
[Result "0-1"]
[Round "11"]
[TimeControl "180+1"]
[Date "2021.10.05"]
[WhiteClock "0:00:14"]
[BlackClock "0:00:49"]

1. d4 Nf6 2. c4 g6 3. Nc3 d5 4. Bg5 Bg7 5. Bxf6 Bxf6 6. cxd5 c5 7. Nf3 cxd4 8. Nxd4 Qb6 9. e3 Qxb2 10. Ncb5 Qb4+ 11. Qd2 Qxd2+ 12. Kxd2 Na6 13. Be2 O-O 14. Rab1 Rd8 15. Bf3 Bd7 16. d6 Nc5 17. Rhc1 Ne6 18. Ke1 Nxd4 19. Nxd4 e5 20. Ne2 Bf5 21. e4 Be6 22. Rxb7 Rxd6 23. Rc2 Ra6 24. Nc1 Bg5 25. Nb3 Rd8 26. Be2 Ra3 27. Bc4 Rc8 28. Bxe6 Rxc2 29. Rxf7 Kh8 30. g3 Raxa2 31. h4 Rab2 32. Kf1 Be3 0-1


[Site "https://www.chess.com"]

[Event "Titled Tuesday Blitz October 5 2021"]
[White "Korobov, Anton"]
[Black "Warmerdam, Max"]
[WhiteFideId "14105730"]
[BlackFideId "1048104"]
[WhiteElo "2962"]
[BlackElo "2872"]
[Result "1/2-1/2"]
[Round "11"]
[TimeControl "180+1"]
[Date "2021.10.05"]
[WhiteClock "0:00:15"]
[BlackClock "0:00:51"]

1. d4 d5 2. c4 e6 3. Nc3 a6 4. c5 Nc6 5. Nf3 e5 6. e3 e4 7. Nd2 h5 8. b4 h4 9. h3 Nh6 10. Rb1 Ne7 11. a4 g5 12. b5 axb5 13. axb5 f5 14. c6 b6 15. Be2 g4 16. Qb3 Be6 17. hxg4 Nxg4 18. Bxg4 fxg4 19. Ndxe4 Nf5 20. Nxd5 Rh6 21. Nec3 h3 22. g3 Bf7 23. Bb2 Rd6 24. Qc2 Rxd5 25. O-O Ne7 26. Nxd5 Qxd5 27. e4 Qxb5 28. d5 Bg6 29. Ra1 Rd8 30. Rfe1 Qxd5 31. exd5 Bxc2 32. Ra7 Rxd5 33. Rxc7 Rd1 34. Rxd1 Bxd1 35. Bf6 Bf3 36. Bxe7 Bxe7 37. Rc8+ Kf7 38. c7 Bd6 39. Rf8+ Bxf8 40. c8=Q Bc5 41. Qf5+ Ke7 42. Qe5+ Kd7 43. Qf5+ Kc6 44. Qc8+ Kd5 45. Qd7+ Kc4 46. Qe6+ Kc3 47. Qe1+ Kc4 48. Qe6+ Kc3 49. Qe1+ Kc2 50. Qf1 Kc3 51. Qb5 Bd4 52. Qb1 Bc5 53. Qe1+ 1/2-1/2


[Site "https://www.chess.com"]